Unix NetHack Version 5.0.0-0 post-release - last build May 30 2026 05:04:26 (55804bc15828dd6e32e9076e0726aa6fccb6e981,branch:main).

Game began 2026-05-31 09:26:10, ended 2026-05-31 10:02:46.

DiePARTEI, neutral male human Tourist

       ---------
       |...."...#
       |.".."..|##          --------                             ------------
       |...".".| #          |......|                            #SS.........|
       |.....".| #        ##.......-#                           @|..........|
       |.".....| #        # |......|#                           #|......{...|
       ----|---- #        ##+......|#                            |..........|
           #     #        ##|......|#        -----               --------.---
           #     #        ##--------#        |....                       #
        ####     #       ##         #        |...|    #######     ##     #
    ----|--      #      ###         #      ##.....#####     ########     ##
    |+.../|      #      # #         #      # -----    ##   --------#      #
    |/...]|      #-----####         #    ###           ##  |......|###    #
    |+[*[+|      #..<.|##          ##    #              ###.......|# #    #
    |..)?+|       |...|##          #-----#                 |......|# ##   #
    |%!).!|       |...|##          #|....#                 |...>..-#  #---.-
    -------       |...|##          #....|                  --------   #-...|
                  |....##           |...|                              |...|
                  -----             --.--                              -----

DiePARTEI the Sightseer     St:10 Dx:10 Co:16 In:13 Wi:9 Ch:18  Neutral
Dlvl:5  $:1147 HP:0(31) Pw:11(11) AC:3  Xp:3 T:2255 

Latest messages:
 The dart misses the water moccasin.
 The water moccasin bites!
 The saddled pony hits the water moccasin.
 The saddled pony misses the water moccasin.
 The water moccasin bites the saddled pony.
 In what direction? 6
 The dart misses the water moccasin.
 The water moccasin misses!
 The saddled pony misses the water moccasin.
 The saddled pony bites the water moccasin.
 The water moccasin bites the saddled pony.
 The kitten misses the water moccasin.
 The water moccasin bites!
 You yawn.
 In what direction? 6
 The dart hits the water moccasin.
 The water moccasin bites!
 The saddled pony misses the water moccasin.
 The saddled pony misses the water moccasin.
 The water moccasin bites!
 What do you want to drink? [gCERX or ?*] ?
 You feel better.
 The water moccasin bites!
 The saddled pony hits the water moccasin.
 The saddled pony misses the water moccasin.
 The water moccasin bites the saddled pony.
 The water moccasin bites!
 You hear some noises in the distance.
 You fall asleep.
 The water moccasin bites!
 You dream that you hear some noises.
 The water moccasin bites!
 The water moccasin bites!
 The water moccasin bites!
 You dream that you hear some noises in the distance.
 The water moccasin bites!
 The water moccasin bites!
 The water moccasin bites!
 You dream that you hear some noises.
 The water moccasin bites!
 The water moccasin bites!
 The water moccasin bites!
 The water moccasin bites!
 The water moccasin bites!
 The water moccasin bites!
 You die...
 Do you want your possessions identified? [ynq] (y) y
 Do you want to see your attributes? [ynq] (y) y
 Do you want an account of creatures vanquished? [ynaq] (y) y
 Do you want to see your conduct and achievements? [ynq] (y) q

Inventory:
 Coins    ('$')
  $ - 1147 gold pieces
 Amulets  ('"')
  S - a cursed amulet of restful sleep (being worn)
 Weapons  (')')
  a - 24 +2 darts (at the ready)
 Armor    ('[')
  r - an uncursed +0 orcish helm (being worn)
  P - an uncursed +0 pair of water walking boots (being worn)
  v - an uncursed +0 cloak of invisibility
  k - an uncursed +0 Hawaiian shirt with a toucan motif (being worn)
  w - an uncursed +0 elven mithril-coat (being worn)
 Comestibles  ('%')
  e - 7 uncursed food rations
  f - an uncursed fortune cookie
  b - 2 uncursed tripe rations
 Scrolls  ('?')
  W - an uncursed scroll of confuse monster
  o - an uncursed scroll of create monster
  K - an uncursed scroll of destroy armor
  V - a cursed scroll of enchant weapon
  G - an uncursed scroll of fire
  x - a blessed scroll of gold detection
  H - an uncursed scroll of light
  j - a blessed scroll of magic mapping
  i - 3 uncursed scrolls of magic mapping
  I - an uncursed scroll of teleportation
 Potions  ('!')
  E - an uncursed potion of gain energy
  C - an uncursed potion of sleeping
  g - an uncursed potion of water
  R - an uncursed potion of water
 Wands    ('/')
  q - a wand of digging (0:5)
  s - a wand of magic missile (0:4)
  J - a wand of polymorph (0:4)
 Tools    ('(')
  m - an uncursed credit card
  l - an expensive camera (0:84)
  U - an uncursed mirror
  M - a cursed wax candle
 Gems/Stones  ('*')
  z - 2 uncursed garnet stones
  Y - an uncursed worthless piece of black glass
  y - an uncursed worthless piece of blue glass
  T - an uncursed worthless piece of red glass
  A - 2 uncursed worthless pieces of yellowish brown glass

DiePARTEI the Tourist's attributes:

Background:
 You were a Sightseer, a level 3 male human Tourist.
 You were neutral, nominally on a mission for The Lady
 who was opposed by Blind Io (lawful) and Offler (chaotic).
 You were right-handed.
 You were in the Dungeons of Doom, on level 5.
 You entered the dungeon 2255 turns ago.
 There was a full moon in effect when your adventure ended.
 You had 76 experience points, 4 more were needed to attain level 4.

Basics:
 You had 0 out of 31 hit points.
 You had all 11 energy points (spell power).
 Your armor class was 3.
 Your wallet contained 1147 zorkmids.
 Autopickup was off.

Final Characteristics:
 Your strength was 10 (limit:18/100).
 Your dexterity was 10 (limit:18).
 Your constitution was 16 (limit:18).
 Your intelligence was 13 (limit:18).
 Your wisdom was 9 (limit:18).
 Your charisma was 18 (limit:18).

Final Status:
 You fell asleep uncontrollably.
 You weren't hungry.
 You were unencumbered.
 You were bare handed.
 You were unskilled in bare handed combat.

Final Attributes:
 You were devoutly aligned.
 You were telepathic.
 You could walk on water.
 You were guarded.
 Your spell casting was impaired by metallic armor.
 You were lucky.
 You are dead.

Miscellaneous:
 You didn't encounter any bones levels.
 Total elapsed playing time was 31 minutes and 12 seconds.

Major events:
 Turn
    1: DiePARTEI the neutral male human Tourist entered the dungeon
 1248: attained the rank of Sightseer (level 3)
 2255: killed by a water moccasin, while sleeping

Spells:
 Name                 Level Category     Fail Retention
 jumping                1   escape       100%  76%-100%

Skills:
 Fighting Skills
   bare handed combat [Unskilled]
   two weapon combat  [Unskilled]
   riding             [Unskilled]
 Weapon Skills
   dagger             [Unskilled]
   knife              [Unskilled]
   axe                [Unskilled]
   pick-axe           [Unskilled]
   short sword        [Unskilled]
   broadsword         [Unskilled]
   long sword         [Unskilled]
   two-handed sword   [Unskilled]
   saber              [Unskilled]
   mace               [Unskilled]
   morning star       [Unskilled]
   flail              [Unskilled]
   hammer             [Unskilled]
   quarterstaff       [Unskilled]
   polearms           [Unskilled]
   spear              [Unskilled]
   trident            [Unskilled]
   lance              [Unskilled]
   bow                [Unskilled]
   sling              [Unskilled]
   crossbow           [Unskilled]
   dart               [Basic]
   shuriken           [Unskilled]
   boomerang          [Unskilled]
   whip               [Unskilled]
   unicorn horn       [Unskilled]
 Spellcasting Skills
   divination spells  [Unskilled]
   enchantment spells [Unskilled]
   escape spells      [Unskilled]

Voluntary challenges:
 Character rerolling was not enabled.
 You were an atheist.
 You never hit with a wielded weapon.
 You never genocided any monsters.
 You never polymorphed an object.
 You never changed form.
 You used no wishes.
Achievements:
 You attained the rank of Sightseer.
 You entered a shop.

 The Dungeons of Doom: levels 1 to 5
    Level 1:
       Some fountains.
    Level 2:
    Level 3:
       A fountain.
    Level 4:
       Some fountains.
    Level 5: <- You were here.
       A general store, a fountain.
       Final resting place for
          you, killed by a water moccasin, while sleeping.


Vanquished creatures:
  a shrieker
  2 floating eyes
  a homunculus
 an iguana
 an acid blob
  a coyote
  a hobbit
  2 hobgoblins
  a cave spider
  a yellow mold
  a gnome zombie
  4 geckos
  4 jackals
  a goblin
  3 sewer rats
  2 lichens
  2 kobold zombies
  6 newts
35 creatures vanquished.

No species were genocided or became extinct.

Game over:
                       ----------
                      /          \
                     /    REST    \
                    /      IN      \
                   /     PEACE      \
                  /                  \
                  |    DiePARTEI     |
                  |     1147 Au      |
                  |   killed by a    |
                  |  water moccasin  |
                  |                  |
                  |                  |
                  |       2026       |
                 *|     *  *  *      | *
        _________)/\\_//(\/(/\)/\//\/|_)_______

Aloha DiePARTEI the Tourist...

You died in The Dungeons of Doom on dungeon level 5 with 793 points,
and 1147 pieces of gold, after 2255 moves.
You were level 3 with a maximum of 31 hit points when you died.

